 Dungeon Crawl Stone Soup version 0.29.1-15-g9cfb28693d (webtiles) character file.

Game seed: 4160217169390161866

2000 Sanktem7 the Cleaver (level 9, -1/79 HPs)
             Began as a Minotaur Fighter on Mar 14, 2023.
             Was an Initiate of Okawaru.
             Succumbed to a killer bee's poison
             ... on level 7 of the Dungeon.
             The game lasted 00:09:21 (4366 turns).

Sanktem7 the Cleaver (Minotaur Fighter)             Turns: 4366, Time: 00:09:21

Health: -1/79      AC: 14    Str: 30    XL:     9   Next: 2%
Magic:  8/8        EV:  8    Int:  5    God:    Okawaru [......]
Gold:   806        SH:  5    Dex: 11    Spells: 8/8 levels left

rFire   . . .      SeeInvis +   r - +1 war axe (flame) {axe}
rCold   . . .      Faith    .   c - +0 buckler
rNeg    . . .      Spirit   .   q - +0 chain mail
rPois   .          Reflect  .   (helmet restricted)
rElec   .          Harm     .   (no cloak)
rCorr   .          Rampage  .   h - +0 pair of gloves
Will    .....                   k - +1 pair of boots {Fly}
Stlth   ..........              m - amulet of regeneration {@e2}
HPRegen 1.03/turn               e - ring of see invisible
MPRegen 0.11/turn               A - +6 ring of strength

@: lethally poisoned (-1 -> -11), flying, hasted, very quick
A: horns 2, retaliatory headbutt
a: Renounce Religion


You were on level 7 of the Dungeon.
You worshipped Okawaru.
Okawaru was noncommittal.
You visited 2 branches of the dungeon, and saw 8 of its levels.

You collected 965 gold pieces.
You spent 159 gold pieces at shops.


Innate Abilities, Weirdness & Mutations

You have a pair of horns on your head.
You reflexively headbutt those who attack you in melee.


   Skills:
 + Level 7.2 Fighting
 * Level 9.3 Axes
 + Level 7.2 Armour
 + Level 7.3 Shields


You had 8 spell levels left.
You didn't know any spells.
Your spell library contained the following spells:

 Spells                   Type           Power      Damage    Failure   Level
 Shock                    Conj/Air       0%         1d3       96%         1
 Ignite Poison            Fire/Tmut/Pois 0%         N/A       100%        3
 Mephitic Cloud           Conj/Pois/Air  0%         N/A       100%        3
 Ozocubu's Armour         Ice            0%         N/A       100%        3
 Swiftness                Air            0%         N/A       100%        3
 Airstrike                Air            0%         2d(0-16)  100%        4
 Freezing Cloud           Conj/Ice/Air   0%         6-21      100%        5
 Metabolic Englaciation   Hex/Ice        0%         N/A       100%        5
 Simulacrum               Ice/Necr       Unusable   N/A       N/A         6

Inventory:

Hand Weapons
 r - a +1 war axe of flaming (weapon) {axe}
   (You bought it in a shop on level 1 of the Dungeon)
 z - a +1 vorpal mace {mace}
   (You took it off an orc on level 5 of the Dungeon)
Missiles
 b - 9 poisoned darts {throwing}
 f - 49 stones (quivered) {throwing}
 g - 3 boomerangs {throwing}
 w - 6 javelins {throwing}
Armour
 c - a +0 buckler (worn)
 h - a +0 pair of gloves (worn)
   (You found it on level 3 of the Dungeon)
 k - a +1 pair of boots of flying (worn)
   (You acquired it on level 6 of the Dungeon)
 q - a +0 chain mail (worn)
   (You found it on level 2 of the Dungeon)
Jewellery
 e - a ring of see invisible (left hand)
   (You found it on level 1 of the Dungeon)
 m - an amulet of regeneration (around neck) {@e2}
   (You found it on level 2 of the Dungeon)
 A - a +6 ring of strength (right hand)
   (You found it on level 5 of the Dungeon)
Wands
 s - a wand of polymorph (6)
   (You found it on level 3 of the Dungeon)
Scrolls
 j - a scroll of teleportation {@r4}
 n - 5 scrolls of immolation {!r!r}
 v - a scroll of poison {!r}
 y - 2 scrolls of silence {!r}
Potions
 a - a potion of attraction {!q}
 d - a potion of might
 l - 4 potions of lignification {!q}
 p - a potion of mutation {!q}
 u - 2 potions of flight
 x - 2 potions of degeneration {!q@e2}

Dungeon Overview and Level Annotations

Branches:
Dungeon (7/15) Zot: 26938  Temple (1/1) D:6 Zot: 5872

Altars:
Ashenzari
Cheibriados
Elyvilon
Fedhas
Hepliaklqana
Nemelex Xobeh
Okawaru
Qazlal
Ru
Sif Muna
Trog
Uskayaw
Vehumet
Wu Jian
Yredelemnul
Zin
The Shining One

Shops:
D:1

( #.....## #..# ..#
######+########..###.###
........##........##....
..........>...........##
......................##
.$.......###.##....#..##
......†..#..>##.........
$......@...####....#.##.
...#..y†.### #....#..#.
##..### #....#..#. #.#
#....#.... ...
#....#..## ....
#....##.## ...
.#.#.[.... .... .......


You could see a killer bee.


Message History

You block the killer bee's attack.
The killer bee stings you but does no damage.
You block the killer bee's attack. The killer bee barely misses you.
You furiously retaliate!
You headbutt the killer bee!
The killer bee stings you but does no damage. x2
The killer bee barely misses you. You furiously retaliate!
You headbutt the killer bee!
The killer bee stings you but does no damage. x2
The killer bee stings you. The killer bee closely misses you.
The killer bee stings you.
You are more poisoned.
The killer bee poisons you! 😮 HP[-8]
You take 8 damage, and now have 51/73 hp.
You hit the killer bee. You burn the killer bee.
You barely miss the killer bee. You miss the killer bee. x2
You feel very sick. The killer bee stings you.
The killer bee stings you but does no damage.
You block the killer bee's attack. The killer bee stings you.
You are more poisoned.
The killer bee poisons you! The killer bee stings you.
* * * LOW HITPOINT WARNING * * *
The killer bee barely misses you. You furiously retaliate!
You headbutt the killer bee.
The killer bee stings you but does no damage.
The killer bee stings you.
* * * LOW HITPOINT WARNING * * *
😨 HP[-19]
You take 19 damage, and now have 32/73 hp.
MASSIVE DAMAGE!! (PAUSE)
You completely miss the killer bee. You hit the killer bee.
You burn the killer bee.
You kill the killer bee!
Okawaru accepts your kill.
You closely miss the killer bee. You miss the killer bee.
You feel very sick. The killer bee stings you.
* * * LOW HITPOINT WARNING * * *
The killer bee stings you but does no damage.
The killer bee barely misses you.
The killer bee stings you but does no damage.
You block the killer bee's attack. The killer bee closely misses you.
The white imp gestures at you.
The puff of frost hits you but does no damage. 😨 HP[-6]
You take 6 damage, and now have 26/73 hp.
You closely miss the killer bee. Your headbutt misses the killer bee.
You slash the killer bee! You burn the killer bee.
You kill the killer bee!
Okawaru accepts your kill.
You hit the killer bee but do no damage.
You feel very sick. You block the killer bee's attack.
The killer bee stings you but does no damage.
The killer bee completely misses you. The killer bee stings you.
* * * LOW HITPOINT WARNING * * *
You are more poisoned.
The killer bee poisons you! 😨 HP[-7]
You take 7 damage, and now have 19/73 hp.
You miss the killer bee. You hit the white imp. You burn the white imp.
You barely miss the killer bee.
You feel very sick. You block the killer bee's attack.
The killer bee closely misses you. x2
The killer bee stings you but does no damage.
The white imp gestures at you. The puff of frost hits you.
* * * LOW HITPOINT WARNING * * *
😱 HP[-4]
You take 4 damage, and now have 15/73 hp.
You hit the killer bee. You burn the killer bee.
Your headbutt misses the killer bee. You miss the killer bee.
You slash the white imp! You burn the white imp.
You kill the white imp!
Okawaru accepts your kill.
You feel very sick. The killer bee stings you!
* * * LOW HITPOINT WARNING * * *
You are more poisoned.
The killer bee poisons you! The killer bee stings you.
* * * LOW HITPOINT WARNING * * *
The killer bee closely misses you. You furiously retaliate!
You headbutt the killer bee. You block the killer bee's attack.
The killer bee stings you but does no damage.
The killer bee barely misses you. You furiously retaliate!
You headbutt the killer bee.
You kill the killer bee!
Okawaru accepts your kill.
You have reached level 9!
Your experience leads to an increase in your attributes!
Your base attributes are Str 22, Int 5, Dex 11.
Increase (S)trength, (I)ntelligence, or (D)exterity?
You feel stronger. x2 😱 HP[-13] MP[+1]
You now have 79 max hp (+6).
You take 13 damage, and now have 2/79 hp.
Your mp is fully restored (8).
It was a potion of haste.
You feel yourself speed up.
You die...

Skill      XL: |  1  2  3  4  5  6  7  8 |
---------------+-------------------------+-----
Axes           | 3 4 5 6 7 9 |  9.3
Fighting       | 4 5 6 7 |  7.2
Armour         | 4 5 6 7 |  7.2
Shields        | 4 5 6 7 |  7.3

Action                   |  1- 3 |  4- 6 |  7- 9 || total
-------------------------+-------+-------+-------++-------
Melee: War axe           |    87 |    76 |    89 ||   252
       Headbutt          |     8 |     7 |    14 ||    29
  Use: Scroll            |     3 |       |    12 ||    15
       Potion            |       |       |     1 ||     1
Armor: Scale mail        |    33 |       |       ||    33
       Chain mail        |    25 |    41 |    85 ||   151
Dodge: Dodged            |    28 |    28 |    44 ||   100
Block: Buckler           |    24 |    12 |    27 ||    63

Levels and vault maps discovered:
D:1:      mrwooster_arrival_arrow, layout_basic, serial_shops,
          nicolae_shop_statue_plus
D:2:      layout_basic, chequers_serial_rivers_small_3
D:3:      layout_loops_ring, uniq_terence, uniq_jessica
D:4:      layout_gridville, uniq_menkaure
D:5:      layout_cave_pools, general_overflow_altar, nicolae_underground_beach
D:6:      layout_rooms, minmay_temple_entry_statues_pillars
D:7:      lemuel_insect_pit, layout_rooms, chequers_temple_overflow_minitemple,
          minivault_11, minmay_shop_damaged
Temple:   nicolae_temple_bog_church

Notes
Turn   | Place    | Note
-------+----------+-------------------------------------------
     0 | D:1      | Sanktem7 the Minotaur Fighter began the quest for the Orb.
     0 | D:1      | Reached XP level 1. HP: 19/19 MP: 0/0
     0 | D:1      | magus.rc [v1.9.6]
   259 | D:1      | Reached XP level 2. HP: 24/27 MP: 1/1
   433 | D:1      | Reached skill level 3 in Axes
   601 | D:1      | Found Wefizeq's Weapon Emporium.
   888 | D:2      | Reached skill level 4 in Fighting
   888 | D:2      | Reached skill level 4 in Armour
   888 | D:2      | Reached skill level 4 in Shields
   888 | D:2      | Reached XP level 3. HP: 31/33 MP: 2/2
  1697 | D:3      | Noticed Jessica
  1701 | D:3      | Killed Jessica
  1702 | D:3      | Reached skill level 4 in Axes
  1702 | D:3      | Reached XP level 4. HP: 37/40 MP: 3/3
  1706 | D:3      | You add the spells Ignite Poison, Mephitic Cloud and
                  | Freezing Cloud to your library.
  1718 | D:3      | Noticed Terence
  1724 | D:3      | Killed Terence
  2244 | D:4      | Noticed a black bear
  2251 | D:4      | Killed a black bear
  2252 | D:4      | Reached XP level 5. HP: 44/47 MP: 4/4
  2519 | D:4      | Reached skill level 5 in Axes
  2563 | D:4      | Noticed Menkaure
  2568 | D:4      | Killed Menkaure
  2569 | D:4      | Reached skill level 5 in Fighting
  2569 | D:4      | Reached skill level 5 in Armour
  2569 | D:4      | Reached skill level 5 in Shields
  2569 | D:4      | Reached XP level 6. HP: 56/56 MP: 5/5
  2686 | D:4      | You pick up a book of Winter and begin reading...
  2686 | D:4      | You add the spells Ozocubu's Armour, Metabolic Englaciation
                  | and Simulacrum to your library.
  2878 | D:5      | Entered Level 5 of the Dungeon
  3123 | D:1      | Bought a +1 war axe of flaming for 159 gold pieces
  3267 | D:5      | You pick up a book of Air and begin reading...
  3267 | D:5      | You add the spells Shock, Swiftness and Airstrike to your
                  | library.
  3306 | D:5      | Noticed an ice beast
  3312 | D:5      | Killed an ice beast
  3313 | D:5      | Reached skill level 6 in Axes
  3313 | D:5      | Reached XP level 7. HP: 25/61 MP: 6/6
  3549 | D:5      | Found a shimmering blue altar of Sif Muna.
  3710 | D:6      | Reached skill level 7 in Axes
  3719 | D:6      | Reached skill level 6 in Shields
  3802 | D:6      | Reached skill level 6 in Fighting
  3831 | D:6      | Noticed a yak
  3831 | D:6      | Noticed a yak
  3833 | D:6      | Noticed a yak
  3833 | D:6      | Noticed a yak
  3842 | D:6      | Killed a yak
  3843 | D:6      | Reached skill level 6 in Armour
  3843 | D:6      | Reached XP level 8. HP: 57/70 MP: 7/7
  3849 | D:6      | Reached skill level 8 in Axes
  3902 | D:6      | Found a staircase to the Ecumenical Temple.
  3977 | Temple   | Entered the Ecumenical Temple
  4077 | Temple   | Became a worshipper of Warmaster Okawaru
  4143 | D:6      | Reached skill level 7 in Shields
  4147 | D:6      | Reached skill level 7 in Fighting
  4148 | D:6      | Reached skill level 7 in Armour
  4261 | D:6      | Identified 2 scrolls of acquirement
  4261 | D:6      | Acquired a +1 pair of boots of flying
  4275 | D:6      | Acquired 681 gold pieces
  4314 | D:7      | Reached skill level 9 in Axes
  4364 | D:7      | HP: 16/73 [poisoned by a killer bee]
  4365 | D:7      | HP: 5/73 [killer bee (7)]
  4365 | D:7      | HP: 2/73 [killer bee (3)]
  4366 | D:7      | Reached XP level 9. HP: 2/79 MP: 8/8
  4366 | D:7      | Succumbed to a killer bee's poison

Vanquished Creatures
  4 yaks (D:6)
  Menkaure (D:4)
  2 water moccasins (D:6)
  An ice beast (D:5)
  A black bear (D:4)
  A sky beast (D:7)
  A bullfrog (D:6)
  A scorpion (D:6)
  3 killer bees (D:7)
  3 orc priests (D:6)
  2 gnoll boudas (D:6)
  A hound (D:7)
  Jessica (D:3)
  Terence (D:3)
  An iguana (D:6)
  4 orc wizards
  4 adders
  7 gnolls (D:6)
  A shadow imp (D:6)
  5 white imps
  An ufetubus (D:5)
  A worm (D:2)
  2 dart slugs
  14 orcs
  6 ball pythons
  7 endoplasms
  A giant cockroach (D:4)
  4 goblins
  8 hobgoblins
  5 jackals
  7 kobolds
  3 quokkas
  5 bats
  2 frilled lizards (D:2)
  5 rats
116 creatures vanquished.

Table legend:
 A = Non-vault XP
 B = Vault XP
 C = Vault XP percentage of total XP
 D = Non-vault monster count
 E = Vault monster count
 F = Vault count percentage of total count
                 A         B        C        D         E       F
            +---------+---------+-------+---------+---------+-------
      Total |    2620 |     238 |   8.3 |     113 |       3 |   2.6
            +---------+---------+-------+---------+---------+-------
        D:1 |      28 |       0 |   0.0 |      16 |       0 |   0.0
        D:2 |      37 |       0 |   0.0 |      15 |       0 |   0.0
        D:3 |      35 |      73 |  67.6 |      18 |       2 |  10.0
        D:4 |     170 |     165 |  49.3 |      11 |       1 |   8.3
        D:5 |     250 |       0 |   0.0 |      11 |       0 |   0.0
        D:6 |    1736 |       0 |   0.0 |      36 |       0 |   0.0
        D:7 |     364 |       0 |   0.0 |       6 |       0 |   0.0
            +---------+---------+-------+---------+---------+-------

Illustrated notes

Table legend:
 A = Kills in this place as a percentage of kills in entire the game.
 B = Kills by you in this place as a percentage of kills by you in the entire game.
 C = Kills by friends in this place as a percentage of kills by friends in the entire game.
 D = Other kills in this place as a percentage of other kills in the entire game.
 E = Experience gained in this place as a percentage of experience gained in the entire game.
 F = Experience gained in this place divided by the number of levels of this place that you have seen.
                   A       B       C       D       E      F
               +-------+-------+-------+-------+-------+----------------------
         Total | 100.0 | 100.0 |   N/A |   N/A | 100.0 | 357.2
       Dungeon | 100.0 | 100.0 |   N/A |   N/A | 100.0 | 408.3
               +-------+-------+-------+-------+-------+----------------------

Table legend: (Time is in decaauts)
 A = Elapsed time spent in this place.
 B = Non-inter-level travel time spent in this place.
 C = Inter-level travel time spent in this place.
 D = Time resting spent in this place.
 E = Time spent auto-exploring this place.
 F = Levels seen in this place.
 G = Mean time per level.
                   A        B        C        D        E       F      G
               +--------+--------+--------+--------+--------+-----+--------+
         Total |   4447 |   3996 |    451 |     23 |   3193 |   8 |  555.9 |
       Dungeon |   4319 |   3889 |    430 |     23 |   3106 |   7 |  617.0 |
        Temple |    127 |    106 |     21 |      0 |     87 |   1 |  127.0 |
               +--------+--------+--------+--------+--------+-----+--------+

Top non-repeatable levels by time:
     D:1: 893 daAuts
     D:4: 820 daAuts
     D:3: 774 daAuts
     D:2: 628 daAuts
     D:6: 616 daAuts
     D:5: 524 daAuts
  Temple: 127 daAuts
     D:7: 61 daAuts
